 Dungeon Crawl Stone Soup version 0.31.0-12-g77e489cdc1 (webtiles) character file.

Game seed: 5115824548966332246

30 Doomgape the Covered (level 3, -2/51 HPs)
             Began as a Gargoyle Fighter on Feb 23, 2024.
             Slain by a cerulean imp
             ... wielding a +2 spear
             ... summoned by Natasha
              (5 damage)
             ... on level 2 of the Dungeon.
             The game lasted 00:01:56 (1397 turns).

Doomgape the Covered (Gargoyle Fighter)             Turns: 1397, Time: 00:01:56

Health: -2/51      AC: 21    Str: 21    XL:     3   Next: 20%
Magic:  3/3        EV:  2    Int:  8    God:
Gold:   97         SH:  4    Dex:  9    Spells: 2/2 levels left

rFire   . . .        a - +0 flail
rCold   . . .        c - +0 buckler
rNeg    + . .        b - melded +0 scale mail
rPois   ∞            (helmet currently unavailable)
rElec   .            (cloak currently unavailable)
rCorr   .            (gloves currently unavailable)
SInv    .            (boots currently unavailable)
Will    .....        (no amulet) Stlth
                     (no ring)
HPRegen 0.28/turn    (no ring)
MPRegen 0.08/turn

%: no passive effects
@: brilliant, berserking, tree-form, hasted, very quick
A: stationary, stasis, torment immunity, boosted hp, sickness immunity, AC +3,
negative energy resistance 1, (electricity resistance), torment resistance 1,
petrification resistance
a: no special abilities


You were on level 2 of the Dungeon.
You were a tree.
You visited 1 branch of the dungeon, and saw 2 of its levels.

You collected 97 gold pieces.

Inventory:

Hand Weapons
 a - a +0 flail (weapon)
Armour
 b - a +0 scale mail (melded)
 c - a +0 buckler (worn)
Potions
 d - a potion of might
 f - a potion of haste
 g - a potion of lignification


   Skills:
 + Level 3.6 Fighting
 + Level 2.5 Maces & Flails
 + Level 3.7 Armour
 + Level 3.6 Shields


You had 2 spell levels left.
You didn't know any spells.
Your spell library was empty.

Dungeon Overview and Level Annotations

Branches:
Dungeon (2/15)

Altars:

Annotations:
D:2 Natasha


Innate Abilities, Weirdness & Mutations

You are a tree.
Your roots penetrate the ground, keeping you stationary.
You cannot be teleported.
You are immune to unholy pain and torment.
Your maximum health is greatly increased.
Your equipment is partially melded.
You are immune to sickness and miasma.
((Your stone body is resilient. (AC +3)))
You are immune to poison.
You resist negative energy. (rN+)
((You are resistant to electric shocks. (rElec)))
You are resistant to unholy torment.
You are immune to petrification.


Message History

The cerulean imp hits you with a +2 spear.
The cerulean imp hits you but does no damage.
Natasha claws you but does no damage.
The cerulean imp hits you from afar with a +2 spear.
Natasha claws you.
You see here a rat corpse.
You miss Natasha.
Natasha is lightly wounded.
The cerulean imp hits you but does no damage.
Natasha claws you.
You closely miss Natasha.
Natasha is lightly wounded.
The cerulean imp barely misses you. Natasha claws you.
* * * LOW HITPOINT WARNING * * *
Unknown command.
It was a potion of haste.
You feel yourself speed up.
The cerulean imp hits you but does no damage.
Natasha claws you but does no damage.
Unknown command.
It was a potion of lignification.
You turn into a tree.
Your +0 scale mail melds into your body.
Your roots penetrate the ground.
The cerulean imp hits you from afar with a +2 spear.
* * * LOW HITPOINT WARNING * * *
You block Natasha's attack.
Unknown command.
It was a potion of brilliance.
You feel clever all of a sudden.
The cerulean imp hits you but does no damage.
Natasha claws you.
* * * LOW HITPOINT WARNING * * *
Unknown command.
It was a potion of berserk rage.
A red film seems to cover your vision as you go berserk!
You feel yourself moving faster!
You feel mighty!
Unknown command.
You closely miss Natasha.
Natasha is lightly wounded.
The cerulean imp hits you from afar with a +2 spear.
You die...

.###+## .......
........ ...... ....
...# ## #...# #.####..#
#...# #.###h♣.....#
#...# #...........##
#...# #.###.5....... ..
#...# #.....#####.##
#.###...######..#####.#
.......................
#.......######.....##.#
#.......######.<...#
...................#


You could see Natasha and a cerulean imp (summoned).

Vanquished Creatures
  An adder (D:2)
  2 ball pythons (D:1)
  2 bats
  4 endoplasms
  3 goblins
  A quokka (D:1)
  2 frilled lizards (D:1)
  4 kobolds
  A rat (D:2)
20 creatures vanquished.

Notes
Turn   | Place    | Note
-------+----------+-------------------------------------------
     0 | D:1      | Doomgape the Gargoyle Fighter began the quest for the Orb.
     0 | D:1      | Reached XP level 1. HP: 14/14 MP: 1/1
    53 | D:1      | Found a faded altar of an unknown god.
   273 | D:1      | Reached XP level 2. HP: 19/19 MP: 2/2
   989 | D:2      | Identified the +1 robe of Olotug {rC+ rN+ rCorr Dex-4}
  1198 | D:2      | Reached XP level 3. HP: 10/23 MP: 3/3
  1380 | D:2      | Noticed Natasha
  1397 | D:2      | Slain by a cerulean imp

Illustrated notes

Levels and vault maps discovered:
D:1:      scummos_arrival_simple_crosswalls, layout_loops_corners,
          basic_ecumenical_altar, minmay_close_crescents
D:2:      layout_basic, uniq_natasha

Action                     || total
---------------------------++-------
  Melee: Flail             ||    93
    Use: Scroll            ||     2
         Potion            ||     4
 Armour: Scale mail        ||   104
         Skin              ||     4
  Dodge: Dodged            ||    47
  Block: Buckler           ||    14
